 Dungeon Crawl Stone Soup version 0.29.1-14-g9c671dbff4 (webtiles) character file.

Game seed: 10099585318723968668

5491 KittyFluff the Blocker (level 10, -4/91 HPs)
             Began as a Gargoyle Berserker on Feb 14, 2023.
             Was a High Priest of Trog.
             Slain by a large slime creature (16 damage)
             ... on level 9 of the Dungeon.
             The game lasted 00:44:48 (8566 turns).

KittyFluff the Blocker (Gargoyle Berserker)         Turns: 8566, Time: 00:44:49

Health: -4/91      AC: 22    Str: 22    XL:     10   Next: 69%
Magic:  10/10      EV: 12    Int:  7    God:    Trog [*****.]
Gold:   558        SH: 15    Dex: 13    Spells: 9/9 levels left

rFire   . . .      SeeInvis +   N - +1 flail (protect)
rCold   . . .      Faith    .   F - +0 kite shield
rNeg    + . .      Spirit   .   H - +0 troll leather armour
rPois   ∞          Reflect  +   l - +0 helmet
rElec   +          Harm     .   (no cloak)
rCorr   .          Rampage  .   (no gloves)
Will    +....                   L - +0 pair of boots
Stlth   ..........              s - amulet "Xuc Haob" {Reflect Fly SH+5}
HPRegen 1.05/turn               Q - ring of see invisible
MPRegen 0.12/turn               b - ring of willpower

@: berserking, under a protective aura, flying, very quick
A: sickness immunity, AC +7, negative energy resistance 1, electricity
resistance, torment resistance 1, petrification resistance
a: Renounce Religion, Berserk, Trog's Hand, Brothers in Arms


You were on level 9 of the Dungeon.
You worshipped Trog.
Trog was extremely pleased with you.
You visited 1 branch of the dungeon, and saw 9 of its levels.
You also visited: Sewer.

You collected 558 gold pieces.

Inventory:

Hand Weapons
 a - a +0 mace
 c - a +1 whip of draining
 t - a +0 flail
 y - a +0 sling
 N - a +1 flail of protection (weapon)
Missiles
 d - 72 stones (quivered)
 f - 5 poisoned darts
 m - 5 atropa-tipped darts
 E - 8 boomerangs
Armour
 i - a +0 ring mail
 l - a +0 helmet (worn)
 p - a +0 chain mail
 F - a +0 kite shield (worn)
 G - +0 fire dragon scales
 H - a +0 troll leather armour (worn)
 L - a +0 pair of boots (worn)
 R - the +2 robe of Ireoh {rF+ Regen+ Int+2}
   (You found it on level 8 of the Dungeon)

   Int:       It affects your intelligence (+2).
   rF:        It protects you from fire.
   Regen:     It increases your rate of health regeneration.
 S - the +1 leather armour of Thoughtfulness {Str+4}
   (You found it on level 8 of the Dungeon)

   Str:       It affects your strength (+4).
Jewellery
 b - a ring of willpower (right hand)
 e - a ring of protection from fire
 s - the amulet "Xuc Haob" (around neck) {Reflect Fly SH+5}
   (You found it on level 3 of the Dungeon)

   [amulet of reflection]

   It reflects blocked missile attacks.
   Fly:       It grants you flight.
   SH:        It affects your SH (+5).
 J - a ring of protection from cold
 O - an amulet of faith
 Q - a ring of see invisible (left hand)
Wands
 j - a wand of polymorph (5)
 B - a wand of flame (10)
 K - a wand of roots (9)
Scrolls
 g - 3 scrolls of enchant weapon {unknown}
 h - 2 scrolls of blinking {unknown}
 k - 2 scrolls of silence {unknown}
 q - 3 scrolls of teleportation {unknown}
 r - a scroll of brand weapon {unknown}
 w - 4 scrolls of poison {unknown}
 x - 2 scrolls of magic mapping
 D - 2 scrolls of fear
 M - a scroll of enchant armour {unknown}
 P - a scroll of immolation
 U - a scroll of acquirement {unknown}
Potions
 n - 5 potions of lignification
 o - 4 potions of heal wounds
 u - 2 potions of haste {unknown}
 v - 3 potions of magic {unknown}
 z - 2 potions of flight {unknown}
 A - 4 potions of curing {unknown}
 C - 2 potions of might {unknown}
 I - a potion of berserk rage {unknown}
 T - a potion of mutation {unknown}
 V - a potion of attraction {unknown}


   Skills:
 + Level 6.7 Fighting
 + Level 8.6 Maces & Flails
 * Level 7.2 Armour
 + Level 5.2 Dodging
 + Level 3.6 Stealth
 * Level 8.7 Shields


You had 9 spell levels left.
You didn't know any spells.
Your spell library was empty.

Dungeon Overview and Level Annotations

Branches:
Dungeon (9/15)             Temple (0/1) D:5            Lair (0/5) D:8
  Sewer (visited)
    Orc: D:9-12

Altars:
Elyvilon
Hepliaklqana
Okawaru
Qazlal
Vehumet
Wu Jian
Xom
Yredelemnul
Jiyva

Shops:
D:2 =   D:7 *

Annotations:
D:6 exclusion: statue


Innate Abilities, Weirdness & Mutations

You are immune to sickness and miasma.
Your stone body is resilient. (AC +7)
You are immune to poison.
You resist negative energy. (rN+)
You are resistant to electric shocks. (rElec)
You are resistant to unholy torment.
You are immune to petrification.


Message History

You block fitz's ghost's attack.
You hit fitz's ghost.
Fitz's ghost is almost destroyed.
Fitz's ghost hits you! x2
You hit fitz's ghost but do no damage.
Fitz's ghost is almost destroyed.
You block fitz's ghost's attack.
You hit fitz's ghost.
Fitz's ghost is almost destroyed.
Fitz's ghost barely misses you.
You barely miss fitz's ghost.
Fitz's ghost is almost destroyed.
You block fitz's ghost's attack.
A large slime creature splits.
You sock fitz's ghost!
You destroy fitz's ghost!
Trog accepts your kill.
Two slime creatures merge to form a large slime creature.
You hit the large slime creature.
The large slime creature is lightly wounded.
You hit the large slime creature.
The large slime creature is lightly wounded.
You sock the large slime creature!
The large slime creature is lightly wounded.
The large slime creature hits you!!
A red film seems to cover your vision as you go berserk!
You feel yourself moving faster!
You feel mighty! The large slime creature hits you!!
* * * LOW HITPOINT WARNING * * *
You barely miss the large slime creature.
The large slime creature is lightly wounded.
You block the large slime creature's attack.
You bludgeon the large slime creature!!
The large slime creature is moderately wounded.
The large slime creature closely misses you.
You sock the large slime creature!
The large slime creature is moderately wounded.
You sock the large slime creature!
The large slime creature is heavily wounded.
The large slime creature hits you!
You die...

#.# ##.###........# #.#####
##...##.########
#####...###.....#.#
##...###........##.##
#?....#..#####..#.#.##
$..../'......#...###.##
_?$...'...##....## ##.#
(.|...'..#####...###.##
#.....#.JJ@...).#.#.##
##...#########.###.## ####
#.# ### #######.# #.......#
##### #.......# #....
#..###..## #.###
#####..###...## #.#
######......##.....######.###


You could see a large slime creature and a jelly.

Vanquished Creatures
  A centaur warrior (D:9)
  The ghost of fitz the Severer, a novice HOFi of Hepliaklqana (D:9)
  A cyclops (D:9)
  A kobold demonologist (D:9)
  A yak (D:9)
  A steam dragon (D:9)
  2 water moccasins
  A sky beast (D:7)
  A black bear (D:7)
  4 ice beasts
  An orc warrior (D:8)
  Pargi (Sewer)
  3 ogres
  A centaur (D:9)
  2 necrophages
  3 gnoll sergeants
  2 scorpions (D:6)
  3 bullfrogs
  8 wights
  A howler monkey (D:6)
  3 orc priests
  5 hounds
  A jelly (D:5)
  2 gnoll boudas (D:5)
  2 iguanas (D:5)
  9 orc wizards
  21 gnolls
  8 adders
  6 shadow imps
  A white imp (D:8)
  2 ufetubi
  3 worms (D:4)
  3 dart slugs
  27 orcs
  11 ball pythons
  8 endoplasms
  A giant cockroach (D:1)
  6 goblins
  5 hobgoblins
  9 jackals
  4 quokkas
  7 bats
  3 frilled lizards
  11 kobolds
  2 rats (D:3)
199 creatures vanquished.

Notes
Turn   | Place    | Note
-------+----------+-------------------------------------------
     0 | D:1      | KittyFluff the Gargoyle Berserker began the quest for the
                  | Orb.
     0 | D:1      | Reached XP level 1. HP: 14/14 MP: 1/1
    35 | D:1      | Found a faded altar of an unknown god.
   175 | D:1      | Reached XP level 2. HP: 10/19 MP: 2/2
   724 | D:1      | Reached XP level 3. HP: 19/24 MP: 3/3
   850 | D:1      | Reached ** piety under Trog
  1216 | D:2      | Reached skill level 1 in Stealth
  1216 | D:2      | Reached XP level 4. HP: 27/29 MP: 4/4
  1725 | D:2      | Found Vuosm's One-of-a-Kind Rings.
  2164 | D:3      | Identified the amulet "Xuc Haob" {Reflect Fly SH+5}
  2373 | D:3      | Reached XP level 5. HP: 24/33 MP: 5/5
  2796 | D:3      | Found a white marble altar of Elyvilon.
  3243 | D:4      | Noticed an ogre
  3262 | D:4      | Killed an ogre
  3263 | D:4      | Reached XP level 6. HP: 26/39 MP: 6/6
  3278 | D:4      | Found a stormy altar of Qazlal.
  3432 | D:4      | Reached *** piety under Trog
  3442 | D:4      | Found a glowing drain.
  3459 | Sewer    | Entered a sewer
  3553 | Sewer    | Noticed Pargi
  3563 | Sewer    | Killed Pargi
  3564 | Sewer    | Reached skill level 5 in Maces & Flails
  3932 | D:4      | Reached XP level 7. HP: 44/44 MP: 7/7
  4101 | D:4      | Found a basalt altar of Yredelemnul.
  4101 | D:4      | Found a hazy altar of Hepliaklqana.
  4101 | D:4      | Found an iron altar of Okawaru.
  4206 | D:5      | Entered Level 5 of the Dungeon
  4329 | D:5      | Found a staircase to the Ecumenical Temple.
  4351 | D:5      | Reached skill level 1 in Shields
  4481 | D:5      | Reached skill level 5 in Fighting
  4662 | D:5      | Reached XP level 8. HP: 49/49 MP: 8/8
  4754 | D:5      | Found an ornate altar of the Wu Jian Council.
  4843 | D:5      | Reached **** piety under Trog
  5273 | D:6      | Reached skill level 5 in Armour
  5455 | D:6      | Found a radiant altar of Vehumet.
  5593 | D:6      | Reached XP level 9. HP: 39/55 MP: 9/9
  5712 | D:6      | Reached skill level 5 in Shields
  6066 | D:7      | Found Peyschi's Assorted Antiques.
  6597 | D:7      | Reached ***** piety under Trog
  7039 | D:8      | Found a staircase to the Lair.
  7205 | D:8      | Found a shimmering altar of Xom.
  7217 | D:8      | Identified the +2 robe of Ireoh {rF+ Regen+ Int+2}
  7261 | D:8      | Identified the +1 leather armour of Thoughtfulness {Str+4}
  7491 | D:9      | Found a runed translucent gate.
  7492 | D:9      | Found a runed translucent gate.
  7492 | D:9      | Noticed fitz's ghost (novice HOFi)
  7493 | D:9      | Found a runed translucent gate.
  7502 | D:9      | Found a viscous altar of Jiyva.
  7554 | D:9      | Noticed a kobold demonologist
  7564 | D:9      | Killed a kobold demonologist
  7565 | D:9      | Reached XP level 10. HP: 61/61 MP: 10/10
  8265 | D:9      | Noticed a centaur warrior
  8277 | D:9      | Killed a centaur warrior
  8278 | D:9      | Reached skill level 5 in Dodging
  8325 | D:9      | Noticed a cyclops
  8335 | D:9      | Killed a cyclops
  8558 | D:9      | Killed fitz's ghost
  8566 | D:9      | Slain by a large slime creature

Illustrated notes

Levels and vault maps discovered:
D:1:      scummos_arrival_star, layout_loops_cross,
          hellmonk_ecumenical_altar_pennies_from_heaven
D:2:      layout_basic, nicolae_shop_unique_rings
D:3:      layout_basic, elyvilon_altar_1, kennysheep_generic_room_5
D:4:      layout_gridville, grunt_temple_overflow_open, marbit_many_paths,
          cheibrodos_sewer_entry_bend, minmay_misc_feat_pillars,
          kennysheep_generic_room_16
D:5:      layout_rooms, mainiacjoe_overflow_six_doors_small,
          minmay_temple_entry_statues_pillars, kennysheep_nub
D:6:      layout_basic, vehumet_statue
D:7:      layout_loops_ring, serial_shops,
          nicolae_shop_competitors_out_of_business, minmay_misc_feat_room,
          kennysheep_generic_room_10
D:8:      layout_rooms, lemuel_crystal_altar, lair_entry_dummy
D:9:      layout_loops_corners, gammafunk_ghost_ooze, minmay_three_doors

Skill      XL: |  1  2  3  4  5  6  7  8  9 10 |
---------------+-------------------------------+-----
Dodging        | 2 3 4 5 |  5.2
Fighting       | 4 5 6 |  6.7
Stealth        | 1 2 3 |  3.6
Maces & Flails | 4 5 6 7 8 |  8.6
Armour         | 3 4 5 6 7 |  7.2
Shields        | 1 4 7 8 |  8.7

Action                   |  1- 3 |  4- 6 |  7- 9 | 10-12 || total
-------------------------+-------+-------+-------+-------++-------
Melee: Whip              |    84 |   157 |   533 |       ||   774
       Mace              |     4 |       |       |       ||     4
       Punch             |       |     1 |     2 |       ||     3
       Flail             |       |       |    93 |   114 ||   207
Throw: Stone             |       |     3 |     1 |       ||     4
Invok: Berserk           |       |       |       |     1 ||     1
  Use: Scroll            |       |     3 |     2 |     1 ||     6
 Stab: Sleeping          |     2 |     4 |     2 |     1 ||     9
Armor: Animal skin       |    35 |    19 |       |       ||    54
       Leather armour    |       |    28 |     1 |       ||    29
       Troll leather arm |       |       |   153 |    34 ||   187
Dodge: Dodged            |    52 |    60 |   183 |    38 ||   333
Block: Other             |       |    24 |    34 |       ||    58
       Kite shield       |       |       |   260 |    95 ||   355
       Reflection        |       |       |       |     3 ||     3
